 Dungeon Crawl Stone Soup version 0.28.0-53-g5a82cb258f (webtiles) character file.

Game seed: 3915160976711482009

46 pkoi the Gusty (level 3, 0/26 HPs)
             Began as a Demigod Air Elementalist on May 26, 2022.
             Killed by their own static electricity (1 damage)
             ... on level 3 of the Dungeon.
             The game lasted 00:02:33 (2142 turns).

pkoi the Gusty (Demigod Air Elementalist)           Turns: 2142, Time: 00:02:33

Health: 0/26       AC:  3    Str:  9    XL:     3   Next: 27%
Magic:  0/8        EV: 12    Int: 21    God:
Gold:   107        SH:  0    Dex: 14    Spells: 2/5 levels left

rFire   . . .      SeeInvis .   h - +1 dagger (venom)
rCold   . . .      Faith    .   (no shield)
rNeg    . . .      Spirit   .   a - +0 robe
rPois   .          Reflect  .   (no helmet)
rElec   .          Harm     .   (no cloak)
rCorr   .          Rampage  .   (no gloves)
Will    .....                   m - +0 pair of boots
Stlth   ++........              (no amulet)
HPRegen 0.08/turn               (no ring)
MPRegen 0.11/turn               (no ring)

@: no status effects
A: high MP 1, forlorn, divine attributes
a: no special abilities


You were on level 3 of the Dungeon.
You visited 1 branch of the dungeon, and saw 3 of its levels.

You collected 107 gold pieces.

Inventory:

Hand Weapons
 h - a +1 dagger of venom (weapon)
Armour
 a - a +0 robe (worn)
 m - a +0 pair of boots (worn)
Scrolls
 c - 2 scrolls of teleportation {unknown}
 d - a scroll of enchant weapon {unknown}
 e - a scroll of holy word {unknown}
 f - a scroll of fog {unknown}
 g - 2 scrolls of noise {unknown}
 i - a scroll of magic mapping {unknown}
 k - a scroll of identify {unknown}
Potions
 b - a potion of degeneration {unknown}
 j - a potion of curing
 l - a potion of heal wounds {unknown}


   Skills:
 - Level 1.7 Dodging
 - Level 1.7 Stealth
 - Level 1.7 Spellcasting
 - Level 0.8 Conjurations
 + Level 4.1 Air Magic


You had 2 spell levels left.
You knew the following spells:

 Your Spells              Type           Power      Damage    Failure   Level
a - Shock                 Conj/Air       48%        1d6       5%          1
b - Static Discharge      Conj/Air       12%        N/A       9%          2

Your spell library contained the following spells:

 Spells                   Type           Power      Damage    Failure   Level
 Swiftness                Air            19%        N/A       9%          3
 Airstrike                Air            9%         N/A       26%         4


Dungeon Overview and Level Annotations

Branches:
Dungeon (3/15)

Annotations:
D:3 Grinder


Innate Abilities, Weirdness & Mutations

You have an increased reservoir of magic. (+10% MP)
You shall have no god before yourself.
Your divine heritage dramatically boosts your attributes as you level up.


Message History

You are struck by an arc of lightning.
* * * LOW HITPOINT WARNING * * *
The lightning grounds out.
You feel very sick.
Ijyb hits you with a +1 dagger of venom.
* * * LOW HITPOINT WARNING * * *
You are lethally poisoned!
Unknown command.
Casting: Static Discharge (safe; 9% risk of failure)
Confirm with . or Enter, or press ? or * to list all spells.
Ijyb is struck by an arc of lightning.
Ijyb is heavily wounded.
You are struck by an arc of lightning.
* * * LOW HITPOINT WARNING * * *
The lightning grounds out.
* * * LOW HITPOINT WARNING * * *
You feel very sick. Ijyb closely misses you.
Unknown command.
Casting: Static Discharge (safe; 9% risk of failure)
Confirm with . or Enter, or press ? or * to list all spells.
Ijyb is struck by an arc of lightning.
Ijyb is severely wounded.
You are struck by an arc of lightning.
* * * LOW HITPOINT WARNING * * *
The lightning grounds out.
* * * LOW HITPOINT WARNING * * *
You feel very sick. Ijyb barely misses you.
Unknown command.
It was a potion of curing.
You feel better.
Ijyb hits you with a +1 dagger of venom.
* * * LOW HITPOINT WARNING * * *
There is a stone staircase leading up here.
Casting: Static Discharge (safe; 9% risk of failure)
Confirm with . or Enter, or press ? or * to list all spells.
Ijyb is struck by an arc of lightning!
You kill Ijyb!
You are struck by an arc of lightning.
You die...

#.# #### #.# ...#
#.#....# #.#....#
# #######.#....##
.................
.................
.... ###.##.....
..... +@)........
......###.##.....
..........# ....
........### ...
......... ..
####!..g#. .
#...?#.# ###### #


There were no monsters in sight!

Vanquished Creatures
  Ijyb (D:3)
  An adder (D:2)
  A worm (D:2)
  2 ball pythons
  4 endoplasms
  6 goblins
  5 hobgoblins
  A kobold (D:2)
  A quokka (D:1)
  5 bats
  3 frilled lizards
  4 rats (D:1)
34 creatures vanquished.

Notes
Turn   | Place    | Note
-------+----------+-------------------------------------------
     0 | D:1      | pkoi the Demigod Air Elementalist began the quest for the
                  | Orb.
     0 | D:1      | Reached XP level 1. HP: 14/14 MP: 5/5
   201 | D:1      | Reached skill level 3 in Air Magic
   380 | D:1      | Reached XP level 2. HP: 20/20 MP: 4/7
   551 | D:1      | Learned a level 2 spell: Static Discharge
  1364 | D:2      | Reached XP level 3. HP: 26/26 MP: 3/8
  1415 | D:2      | Reached skill level 4 in Air Magic
  1904 | D:3      | Noticed Grinder
  1944 | D:3      | Noticed Ijyb
  2139 | D:3      | HP: 1/26 [poisoned by Ijyb]
  2142 | D:3      | Killed Ijyb
  2142 | D:3      | Killed from afar by themself

Illustrated notes

Levels and vault maps discovered:
D:1:      scummos_arrival_star, layout_basic, minmay_indecisive_spiral
D:2:      layout_rooms
D:3:      layout_basic, dreamdust_ecumenical_altar_grove, uniq_terence,
          uniq_ijyb, uniq_grinder

Skill      XL: |  1  2  3 |
---------------+----------+-----
Air Magic      | 3 4 |  4.1
Dodging        | |  1.7
Stealth        | |  1.7
Spellcasting   | |  1.7
Conjurations   | |  0.8

Action                   || total
-------------------------++-------
Melee: Unarmed           ||     4
       Dagger            ||     2
 Cast: Shock             ||    71
       Static Discharge  ||     3
  Use: Potion            ||     1
Armor: Robe              ||     2
Dodge: Dodged            ||     9
